 Dungeon Crawl Stone Soup version 0.32-a0-540-g866d13106e (console) character file.

Game seed: 10569540302571426542

11129 zenocrate the Carver (level 11, -5/72 HPs)
             Began as a Tengu Gladiator on Feb 28, 2024.
             Was an Elder of Ru.
             Slain by an eight-headed hydra (12 damage)
             ... on level 2 of the Lair of Beasts.
             The game lasted 00:21:39 (11191 turns).

zenocrate the Carver (Tengu Gladiator)             Turns: 11191, Time: 00:21:40

Health: -5/72      AC: 11    Str: 14    XL:     11   Next: 72%
Magic:  10/10      EV: 20    Int: 10    God:    Ru [****..]
Gold:   702        SH:  6    Dex: 25    Spells: 9/10 levels left

rFire   . . .        a - +1 long sword (heavy)
rCold   + . .        K - +0 buckler
rNeg    + . .        h - +1 ring mail {rC+}
rPois   .            c - +1 hat
rElec   .            m - +2 cloak
rCorr   .            (no gloves)
SInv    +            (boots unavailable)
Will    .....        I - amulet of faith
Stlth   ++           p - +6 ring of dexterity
HPRegen 0.32/turn    N - ring of positive energy
MPRegen 0.12/turn

%: acrobat, clarity, faith
@: flying
A: beak, talons 3, low MP 1, inability to use devices, unskilled 1, evasive
flight, acrobatic, see invisible, clarity, robust 1
a: Renounce Religion, Draw Out Power, Power Leap


You were on level 2 of the Lair of Beasts.
You worshipped Ru.
Ru was greatly pleased with you.
You visited 3 branches of the dungeon, and saw 12 of its levels.
You also visited: Sewer.

You collected 702 gold pieces.

Inventory:

Hand Weapons
 a - a +1 heavy long sword (weapon)
Missiles
 d - 2 throwing nets (quivered)
 e - a javelin
 n - 2 curare-tipped darts
 s - 6 atropa-tipped darts
 v - 41 poisoned darts
 D - 3 darts of dispersal
 O - 2 boomerangs
Armour
 c - a +1 hat (worn)
 h - a +1 ring mail of cold resistance (worn)
 i - a scarf of resistance
 m - a +2 cloak (worn)
 K - a +0 buckler (worn)
Jewellery
 p - a +6 ring of dexterity (left hand)
 A - an amulet of reflection
 I - an amulet of faith (around neck)
 N - a ring of positive energy (right hand)
Talismans
 y - a beast talisman
 C - a maw talisman
Scrolls
 f - 3 scrolls of teleportation
 l - 2 scrolls of immolation
 G - a scroll of vulnerability {unknown}
 Q - a scroll of blinking
Potions
 j - 2 potions of lignification
 o - a potion of attraction
 r - a potion of enlightenment
 t - a potion of magic
 u - a potion of haste
 F - a potion of resistance
 H - 3 potions of heal wounds
 M - a potion of ambrosia {unknown}


   Skills:
 + Level 6.7 Fighting
 + Level 13.7 Long Blades
 - Level 1.7 Throwing
 + Level 5.8 Armour
 + Level 7.4 Dodging
 + Level 1.2 Stealth
 + Level 4.3 Shields
   Level 0.0 Evocations


You had 9 spell levels left.
You knew the following spells:

 Your Spells              Type           Power      Damage    Failure   Level
m - Apportation           Tloc           0%         N/A       67%         1

Your spell library contained the following spells:

 Spells                   Type           Power      Damage    Failure   Level
 Necrotise                Necr           0%         1d4       67%         1
 Sting                    Conj/Alch      0%         1d3       67%         1
 Summon Small Mammal      Summ           0%         N/A       67%         1
 Jinxbite                 Hex            0%         N/A       82%         2
 Mercury Vapours          Alch/Air       0%         N/A       82%         2
 Call Canine Familiar     Summ           0%         N/A       96%         3
 Sigil of Binding         Hex            0%         N/A       96%         3
 Dimensional Bullseye     Hex/Tloc       0%         N/A       100%        4
 Olgreb's Toxic Radiance  Alch           0%         N/A       100%        4
 Alistair's Intoxication  Alch           0%         N/A       100%        5
 Irradiate                Conj/Alch      0%         3d11      100%        5
 Iskenderun's Battlesphe  Conj           0%         2d6       100%        5
 Metabolic Englaciation   Hex/Ice        0%         N/A       100%        5
 Summon Forest            Summ/Tloc      0%         N/A       100%        5


Dungeon Overview and Level Annotations

Branches:
Dungeon (9/15)             Temple (1/1) D:6            Lair (2/5) D:9
  Sewer (visited)
  Swamp: Lair:2-3    Shoals: Lair:2-3     Snake: Lair:2-3    Spider: Lair:2-3
    Orc: D:9-12

Altars:
Ashenzari
Cheibriados
Dithmenos
Elyvilon
Fedhas
Gozag
Hepliaklqana
Kikubaaqudgha
Makhleb
Nemelex Xobeh
Okawaru
Qazlal
Ru
Sif Muna
Trog
Uskayaw
Vehumet
Wu Jian
Xom
Yredelemnul
Zin
The Shining One

Shops:
D:7 =   D:8 =

Annotations:
Lair:2 Maggie


Innate Abilities, Weirdness & Mutations

You have a beak for a mouth.
You have claws for feet.
Your magical capacity is low. (-10% MP)
You cannot study or use magical devices.
You are somewhat unskilled. (-1 Apt)
Your magical flight helps you evade attacks. (EV +4)
You can magically evade attacks while moving or waiting.
You have supernaturally acute eyesight. (SInv)
You possess an exceptional clarity of mind.
You are robust. (+10% HP)


Message History

You claw the water moccasin, but do no damage.
You block the water moccasin's attack.
A blink frog comes into view.
The water moccasin is stunned by your conviction and fails to attack.
The blink frog gives a loud, deep croak!
You slash the water moccasin!
The water moccasin is heavily wounded.
You hear a loud, deep croak!
The blink frog begins to attack, but is stunned by your conviction!
The water moccasin closely misses you.
The blink frog blinks!
The water moccasin closely misses you.
You closely miss the water moccasin. Your kick misses the water moccasin.
You peck the water moccasin.
The water moccasin is heavily wounded.
The water moccasin misses you.
Unknown command.
You completely miss the water moccasin.
The water moccasin is heavily wounded.
The blink frog begins to attack, but is stunned by your conviction!
The water moccasin misses you. The eight-headed hydra bites you!
The eight-headed hydra misses you.
The eight-headed hydra closely misses you.
The eight-headed hydra bites you!
* * * LOW HITPOINT WARNING * * *
The eight-headed hydra bites you.
* * * LOW HITPOINT WARNING * * *
The eight-headed hydra misses you.
You block the eight-headed hydra's attack.
The eight-headed hydra bites you!
* * * LOW HITPOINT WARNING * * *
You focus your inner power and illuminate the eight-headed hydra in retribution!
The blink frog blinks!
The blink frog begins to attack, but is stunned by your conviction!
The water moccasin bites you but does no damage.
You block the eight-headed hydra's attack.
The eight-headed hydra completely misses you.
The eight-headed hydra barely misses you.
The eight-headed hydra completely misses you.
The eight-headed hydra closely misses you.
The eight-headed hydra barely misses you.
The eight-headed hydra bites you!
You die...
Ru respects your ultimate sacrifice.

### ###.#
#...########
..P#...P.##...#
..............D@.##
P#..P###.##....S..###
.... ##.###........#
.## .. #...F......
.............F
........@#...#
......#......
#...####..F... ##..
...# ##F ..


You could see an eight-headed hydra (corona), Maggie, 3 blink frogs and a water
moccasin.

Vanquished Creatures
  A two-headed ogre (D:8)
  An ice statue (Lair:1)
  2 black mambas
  2 cane toads (Lair:1)
  2 komodo dragons (Lair:1)
  A hornet (D:8)
  3 blink frogs (Lair:1)
  7 yaks
  A wyvern (D:8)
  A warg (D:9)
  A steam dragon (D:8)
  6 water moccasins
  3 orc warriors
  A black bear (D:5)
  3 ice beasts
  2 sky beasts
  7 wolves
  4 centaurs
  A phantom (D:7)
  7 kobold brigands
  A gnoll sergeant (D:9)
  Blork the orc (D:4)
  2 brain worms (Sewer)
  6 bullfrogs
  5 scorpions
  6 wights
  10 killer bees
  A howler monkey (D:7)
  An electric eel (D:6)
  3 hounds
  7 orc priests
  A bombardier beetle (D:5)
  A gnoll bouda (D:7)
  4 iguanas
  3 sleepcaps
  Crazy Yiuf (D:3)
  Ijyb (D:3)
  10 orc wizards
  8 gnolls
  11 adders
  3 river rats (Sewer)
  A white imp (D:7)
  2 ufetubi (D:7)
  3 dart slugs
  4 ribbon worms
  30 orcs
  7 ball pythons
  5 bats
  15 endoplasms
  4 giant cockroaches
  4 hobgoblins
  9 kobolds
  7 quokkas
  A frilled lizard (D:3)
  7 goblins
  7 rats
248 creatures vanquished.

Vanquished Creatures (collateral kills)
  A yak (D:9)
  An orc priest (D:6)
  An orc wizard (D:6)
  A gnoll (D:9)
  An orc (D:6)
5 creatures vanquished.

Vanquished Creatures (others)
  A blink frog (Lair:1)
  2 yaks (D:9)
  A wolf (Lair:1)
  A gnoll (D:9)
5 creatures vanquished.

Grand Total: 258 creatures vanquished

Notes
Turn   | Place    | Note
-------+----------+-------------------------------------------
     0 | D:1      | zenocrate the Tengu Gladiator began the quest for the Orb.
     0 | D:1      | Reached XP level 1. HP: 12/12 MP: 2/2
   129 | D:1      | Reached XP level 2. HP: 17/17 MP: 3/3
   144 | D:1      | Reached skill level 4 in Long Blades
   292 | D:1      | Reached XP level 3. HP: 19/21 MP: 4/4
  1055 | D:2      | Reached skill level 5 in Long Blades
  1107 | D:2      | Reached XP level 4. HP: 26/26 MP: 5/5
  1248 | D:2      | Reached skill level 13 in Long Blades
  1248 | D:2      | Reached XP level 5. HP: 30/30 MP: 6/6
  1650 | D:3      | Found a faded altar of an unknown god.
  2111 | D:3      | Learned a level 1 spell: Apportation
  2145 | D:3      | Noticed Ijyb
  2162 | D:3      | Killed Ijyb
  2163 | D:3      | Reached XP level 6. HP: 35/35 MP: 7/7
  2270 | D:3      | Found a runed translucent door.
  2271 | D:3      | Noticed Crazy Yiuf
  2668 | D:3      | Killed Crazy Yiuf
  2964 | D:4      | Noticed Blork the orc
  2973 | D:4      | Killed Blork the orc
  2974 | D:4      | Reached skill level 1 in Armour
  3137 | D:4      | Noticed a sky beast
  3141 | D:4      | Killed a sky beast
  3142 | D:4      | Gained mutation: Your magical flight helps you evade
                  | attacks. (EV +4) [Tengu growth]
  3142 | D:4      | Reached XP level 7. HP: 40/40 MP: 8/8
  3282 | D:4      | Found a glowing drain.
  3285 | D:4      | Reached skill level 1 in Evocations
  3302 | Sewer    | Entered a sewer
  3799 | Sewer    | Reached XP level 8. HP: 45/45 MP: 9/9
  3881 | Sewer    | Reached skill level 5 in Dodging
  4326 | D:5      | Entered Level 5 of the Dungeon
  4825 | D:5      | Identified the +2 pair of gloves of Uskayaw's Inspiration
                  | {Rampage rElec rF- SInv}
  4831 | D:5      | Reached XP level 9. HP: 43/51 MP: 10/10
  5157 | D:6      | Found a white marble altar of Elyvilon.
  5164 | D:6      | Found a blossoming altar of Fedhas.
  5342 | D:6      | Found a staircase to the Ecumenical Temple.
  5517 | Temple   | Entered the Ecumenical Temple
  5543 | Temple   | Became a worshipper of Ru the Awakened
  6478 | D:7      | Reached skill level 14 in Long Blades
  6539 | D:7      | Identified the +1 war axe of Zunaih {heavy, rF+ rCorr SInv}
  6841 | D:7      | Found an iron altar of Okawaru.
  6841 | D:7      | Found a burning altar of Makhleb.
  7106 | D:7      | Found Murotweocs's Jewellery Boutique.
  7137 | D:7      | Reached skill level 5 in Fighting
  7144 | D:7      | Reached XP level 10. HP: 57/59 MP: 11/11
  7145 | D:7      | Gained mutation: Your magical capacity is low. (-10% MP)
                  | [Ru sacrifice]
  7554 | D:8      | Noticed a two-headed ogre
  7560 | D:8      | Killed a two-headed ogre
  7698 | D:8      | Found Cuikiesm's Jewellery Emporium.
  8279 | D:9      | Reached skill level 5 in Armour
  8491 | D:9      | Reached skill level 1 in Shields
  8819 | D:9      | Gained mutation: You cannot study or use magical devices.
                  | [Ru sacrifice]
  8819 | D:9      | Reached * piety under Ru
  8819 | D:9      | Reached ** piety under Ru
  8881 | D:9      | Found a staircase to the Lair.
  9410 | D:9      | Reached XP level 11. HP: 61/66 MP: 10/10
  9694 | Lair:1   | Entered Level 1 of the Lair of Beasts
  9695 | Lair:1   | Gained mutation: You have supernaturally acute eyesight.
                  | (SInv) [potion of mutation]
  9695 | Lair:1   | Gained mutation: You possess an exceptional clarity of
                  | mind. [potion of mutation]
  9695 | Lair:1   | Gained mutation: You are robust. (+10% HP) [potion of
                  | mutation]
 10814 | Lair:1   | Got Practical Willworking
 11081 | Lair:2   | Reached skill level 1 in Stealth
 11094 | Lair:2   | Gained mutation: You are somewhat unskilled. (-1 Apt) [Ru
                  | sacrifice]
 11094 | Lair:2   | Reduced skill Long Blades to level 13
 11094 | Lair:2   | Reduced skill Throwing to level 1
 11094 | Lair:2   | Reduced skill Armour to level 5
 11094 | Lair:2   | Reached *** piety under Ru
 11094 | Lair:2   | Reached **** piety under Ru
 11117 | Lair:2   | Noticed a seven-headed hydra
 11176 | Lair:2   | Noticed an eight-headed hydra
 11183 | Lair:2   | Noticed Maggie
 11191 | Lair:2   | Slain by an eight-headed hydra

Illustrated notes

Levels and vault maps discovered:
D:1:      giann_wishing_wells, layout_loops_ring
D:2:      layout_loops_ring
D:3:      layout_basic, nicolae_ecumenical_oubliette, uniq_ijyb,
          uniq_crazy_yiuf_cottage
D:4:      layout_loops_ring, portal_sewer_entry_d, minmay_misc_feat_columns,
          uniq_blork_the_orc
D:5:      layout_gridville
D:6:      layout_basic, nicolae_overflow_squiral,
          minmay_temple_entry_sparse_star
D:7:      layout_loops_cross, gammafunk_temple_overflow_statue, serial_shops,
          nicolae_shop_hallway_plus, nicolae_kite_square_tiling_tiny,
          chequers_hall_statues_y
D:8:      layout_loops_ring, serial_shops, nicolae_shop_trees
D:9:      layout_layer_cave, erik_lair_orcish_takeover, minmay_crystal_room,
          minmay_misc_feat_encased
Temple:   nicolae_temple_bog_church
Lair:1:   statuecave_lemuel, layout_gridlike, nicolae_volcano_entry_hallway,
          grunt_megastairs_5
Lair:2:   layout_misc_corridors, uniq_harold, uniq_maggie

Skill      XL: |  1  2  3  4  5  6  7  8  9 10 11 |
---------------+----------------------------------+-----
Long Blades    | 4 5 13 14 13 | 13.7
Armour         | 1 3 4 5 5 |  5.8
Dodging        | 4 5 6 7 7 |  7.4
Evocations     | 1 2 3 0 |  0.0
Fighting       | 3 5 6 6 |  6.7
Shields        | 2 4 |  4.3
Stealth        | 1 |  1.2
Throwing       | 1 |  1.7

Action                     |  1- 3 |  4- 6 |  7- 9 | 10-12 || total
---------------------------+-------+-------+-------+-------++-------
  Melee: Long sword        |    51 |    83 |   219 |   237 ||   590
         Kick              |     9 |    16 |    62 |    54 ||   141
         Peck              |     6 |     6 |    25 |    41 ||    78
  Throw: Dart              |       |       |       |     8 ||     8
         Throwing net      |       |       |       |     1 ||     1
 Invoke: Sacrifice Essence |       |       |       |     1 ||     1
         Sacrifice Artific |       |       |       |     1 ||     1
         Sacrifice Skill   |       |       |       |     1 ||     1
  Evoke: Wand              |       |       |     4 |     7 ||    11
    Use: Scroll            |       |    11 |     5 |     9 ||    25
         Potion            |       |     3 |     1 |     5 ||     9
   Stab: Sleeping          |     1 |     4 |     4 |       ||     9
         Distracted        |       |       |       |     1 ||     1
 Armour: Leather armour    |    12 |    23 |    67 |    86 ||   188
         Skin              |       |     4 |       |     8 ||    12
         Ring mail         |       |       |       |    25 ||    25
  Dodge: Dodged            |    37 |    35 |   187 |   315 ||   574
  Block: Buckler           |       |       |    17 |   111 ||   128

Table legend: (Time is in decaauts)
 A = Elapsed time spent in this place.
 B = Non-inter-level travel time spent in this place.
 C = Inter-level travel time spent in this place.
 D = Time resting spent in this place.
 E = Time spent auto-exploring this place.
 F = Levels seen in this place.
 G = Mean time per level.
                   A        B        C        D        E       F      G
               +--------+--------+--------+--------+--------+-----+--------+
         Total |  11225 |  10518 |    707 |    333 |   8231 |  13 |  863.5 |
       Dungeon |   8951 |   8364 |    587 |    192 |   6833 |   9 |  994.6 |
        Temple |     52 |      2 |     50 |      0 |      0 |   1 |   52.0 |
          Lair |   1506 |   1436 |     70 |    141 |    920 |   2 |  753.0 |
         Sewer |    715 |    715 |      0 |      0 |    478 |   1 |  715.0 |
               +--------+--------+--------+--------+--------+-----+--------+

Top non-repeatable levels by time:
     D:9: 1447 daAuts
  Lair:1: 1383 daAuts
     D:6: 1373 daAuts
     D:3: 1229 daAuts
     D:8: 993 daAuts
     D:1: 853 daAuts
     D:7: 849 daAuts
     D:4: 807 daAuts
     D:2: 723 daAuts
   Sewer: 715 daAuts
     D:5: 672 daAuts
  Lair:2: 122 daAuts
  Temple: 52 daAuts
